 Dungeon Crawl Stone Soup version 0.30-a0-190-g22c9a3c0ff (webtiles) character file.

Game seed: 459009201074039186

146 Johnny the Chiller (level 5, -1/33 HPs)
             Began as an Octopode Ice Elementalist on Oct 4, 2022.
             Succumbed to their own poison gas
             ... on level 3 of the Dungeon.
             The game lasted 00:06:09 (2171 turns).

Johnny the Chiller (Octopode Ice Elementalist)      Turns: 2171, Time: 00:06:10

Health: -1/33      AC:  1    Str:  5 (7)  XL:     5   Next: 28%
Magic:  9/9        EV: 13    Int: 16 (19) God:
Gold:   39         SH:  0    Dex: 10 (13) Spells: 8/9 levels left

rFire   . . .      SeeInvis .      - Unarmed
rCold   . . .      Faith    .    (no shield)
rNeg    . . .      Spirit   .    (helmet restricted)
rPois   .          Reflect  .    j - amulet of magic regeneration
rElec   .          Harm     .    e - ring of flight
rCorr   .          Rampage  .    (no ring)
Will    .....                    (no ring)
Stlth   ++........               (no ring)
HPRegen 0.25/turn                (no ring)
MPRegen 0.51/turn                (no ring)
                                 (no ring)
                                 (no ring)

@: lethally poisoned (-1 -> -15), silenced, weak-willed, on berserk cooldown,
flying, slowed, very slow
A: almost no armour, amphibious, 8 rings, camouflage 1, gelatinous body 1,
(nimble swimmer 1), tentacles
a: no special abilities


You were on level 3 of the Dungeon.
You visited 1 branch of the dungeon, and saw 3 of its levels.

You collected 39 gold pieces.

Inventory:

Armour
 d - an orb of light
Jewellery
 e - a ring of flight (left tentacle)
 j - an amulet of magic regeneration (around mantle)
 m - a ring of fire
Scrolls
 c - a scroll of identify
Potions
 a - 2 potions of magic
 b - a potion of attraction
 g - a potion of flight
 i - a potion of berserk rage


   Skills:
 + Level 1.6 Fighting
 - Level 2.0 Dodging
 - Level 3.9 Stealth
 - Level 1.0 Unarmed Combat
 + Level 2.9 Spellcasting
 - Level 4.9 Ice Magic


You had 8 spell levels left.
You knew the following spells:

 Your Spells              Type           Power      Damage    Failure   Level
a - Freeze                Ice            72%        1d9       2%          1

Your spell library contained the following spells:

 Spells                   Type           Power      Damage    Failure   Level
 Frozen Ramparts          Ice            36%        1d6       8%          3
 Ozocubu's Armour         Ice            18%        N/A       8%          3
 Summon Ice Beast         Ice/Summ       10%        N/A       56%         4
 Leda's Liquefaction      Hex/Erth       1%         N/A       88%         4
 Lee's Rapid Deconstruct  Erth           1%         3d5*      99%         5
 Statue Form              Tmut/Erth      1%         N/A       100%        6


Dungeon Overview and Level Annotations

Branches:
Dungeon (3/15)

Altars:
Kikubaaqudgha

Shops:
D:2 (

Annotations:
D:2 Terence
D:3 Sigmund


Innate Abilities, Weirdness & Mutations

You cannot wear most types of armour.
You are amphibious.
You can wear up to eight rings at the same time.
Your skin changes colour to match your surroundings (Stealth+).
Your rubbery body absorbs attacks. (AC +1, EV +1)
((You are camouflaged when in or above water. (Stealth+)))
You have tentacles for arms and can constrict up to eight enemies at once.


Message History

Okay, then.
Okay, then.
A red film seems to cover your vision as you go berserk!
You feel yourself moving faster!
You feel mighty! The orc barely misses you.
You feel a strong urge to attack something.
You feel your anger nearly subside.
You are no longer berserk.
You are exhausted.
You feel yourself slow down.
The rat twitches its whiskers.
As you read the scroll of identify, it crumbles to dust.
b - a potion of attraction The orc hits you with a +0 dagger.
* * * LOW HITPOINT WARNING * * *
The orc closely misses you.
As you read the scroll of identify, it crumbles to dust.
g - a potion of flight The orc barely misses you.
It was a potion of degeneration.
There was something very wrong with that liquid.
You feel weakened.
You feel dopey.
You feel clumsy. The orc hits you with a +0 dagger.
* * * LOW HITPOINT WARNING * * *
The orc closely misses you.
As you read the scroll labelled NUVO MUIQ FOU, it crumbles to dust.
Magic quickly surges around you.
It was a scroll of vulnerability.
The orc barely misses you.
The air fills with toxic fumes!
As you read the scroll labelled JALAPLAIPE, it crumbles to dust.
It was a scroll of poison.
The orc hits you with a +0 dagger.
* * * LOW HITPOINT WARNING * * *
The orc closely misses you.
As you read the scroll labelled KYTEREIQODGH, it crumbles to dust.
A profound silence engulfs you.
It was a scroll of silence.
The orc barely misses you.
Okay, then.
Really fly into that cloud of poison gas?
The orc attacks as you move away! The orc barely misses you.
You are engulfed in poison gas.
You are lethally poisoned!
You die...

#.# #.
#.<.........).....
##>##
##........#.####.#
#...##
#.###.####.# #.#
.....# #.# #.#
#.####.# #o...#
#.# #.# #.......
##o#.# #.# #.#
######.# #.#...
#.# #.# #.#
#.##############§#
#.# #.#
#......§§§rooo.@§#
#.# #.#
##################
#.#########.#
#...........#
#############


You could see 3 orcs and a rat (weak-willed).

Vanquished Creatures
  An orc priest (D:3)
  Natasha (D:1)
  3 adders (D:2)
  A worm (D:2)
  A dart slug (D:1)
  2 orcs (D:3)
  7 bats
  4 endoplasms
  6 giant cockroaches
  7 goblins
  2 hobgoblins (D:3)
  4 kobolds
  4 quokkas
  3 ball pythons
  4 frilled lizards
  6 rats
56 creatures vanquished.

Notes
Turn   | Place    | Note
-------+----------+-------------------------------------------
     0 | D:1      | Johnny the Octopode Ice Elementalist began the quest for
                  | the Orb.
     0 | D:1      | Reached XP level 1. HP: 11/11 MP: 3/3
   113 | D:1      | Reached XP level 2. HP: 16/17 MP: 5/5
   831 | D:1      | Reached XP level 3. HP: 16/21 MP: 6/6
   973 | D:2      | Noticed Natasha
   975 | D:2      | Found an ancient bone altar of Kikubaaqudgha.
   984 | D:1      | Killed Natasha
  1164 | D:2      | Reached XP level 4. HP: 8/27 MP: 3/7
  1170 | D:2      | HP: 1/27 [poisoned by an adder]
  1287 | D:2      | Reached skill level 1 in Unarmed Combat
  1349 | D:2      | Found Wiuroob's Weapon Boutique.
  1407 | D:2      | Noticed Terence
  1432 | D:3      | Noticed an ogre
  1632 | D:3      | Noticed Sigmund
  1908 | D:2      | Reached skill level 1 in Fighting
  2135 | D:3      | Reached XP level 5. HP: 29/33 MP: 6/9
  2171 | D:3      | Succumbed to their own poison gas

Illustrated notes

Levels and vault maps discovered:
D:1:      heliophobic_arrival_battle_scene, layout_basic, chequers_mini_garden,
          minmay_misc_feat_x, nicolae_hexahallways,
          chequers_serial_rivers_room_b
D:2:      layout_rooms, basic_altar, serial_shops,
          nicolae_shop_bloodbath_and_beyond, uniq_terence, uniq_natasha
D:3:      layout_loops_ring, uniq_sigmund, uniq_ijyb

Skill      XL: |  1  2  3  4 |
---------------+-------------+-----
Stealth        | 3 |  3.9
Unarmed Combat | 1 |  1.0
Fighting       | 1 |  1.6
Dodging        | |  2.0
Spellcasting   | |  2.9
Ice Magic      | |  4.9

Action                   |  1- 3 |  4- 6 || total
-------------------------+-------+-------++-------
Melee: Unarmed           |    72 |    34 ||   106
       Tentacles         |    19 |     6 ||    25
       Constrict         |    16 |     9 ||    25
       Punch             |       |     1 ||     1
 Cast: Freeze            |    13 |    33 ||    46
  Use: Scroll            |       |     6 ||     6
       Potion            |       |     2 ||     2
 Stab: Sleeping          |     9 |     8 ||    17
Armor: Skin              |     7 |    16 ||    23
Dodge: Dodged            |    60 |    48 ||   108

Table legend: (Time is in decaauts)
 A = Elapsed time spent in this place.
 B = Non-inter-level travel time spent in this place.
 C = Inter-level travel time spent in this place.
 D = Time resting spent in this place.
 E = Time spent auto-exploring this place.
 F = Levels seen in this place.
 G = Mean time per level.
                   A        B        C        D        E       F      G
               +--------+--------+--------+--------+--------+-----+--------+
         Total |   2173 |   2123 |     50 |    356 |   1008 |   3 |  724.3 |
       Dungeon |   2173 |   2123 |     50 |    356 |   1008 |   3 |  724.3 |
               +--------+--------+--------+--------+--------+-----+--------+

Top non-repeatable levels by time:
     D:1: 1053 daAuts
     D:2: 712 daAuts
     D:3: 408 daAuts
